 Dungeon Crawl Stone Soup version 0.30.0-5-g1a98f26d00 (webtiles) character file.

Game seed: 7034132647847977368

126 SnakkuSnakku7 the Shooter (level 4, -1/40 HPs)
             Began as a Deep Elf Transmuter on May 11, 2023.
             Succumbed to an adder's poison
             ... in a sewer.
             The game lasted 00:03:18 (1877 turns).

SnakkuSnakku7 the Shooter (Deep Elf Transmuter)     Turns: 1877, Time: 00:03:19

Health: -1/40      AC: 22    Str:  7    XL:     4   Next: 84%
Magic:  10/10      EV:  2    Int: 18    God:
Gold:   167        SH:  0    Dex: 17    Spells: 8/9 levels left

rFire   . . .        a - +1 sling
rCold   . . .        (no shield)
rNeg    . . .        h - melded +0 robe
rPois   +            (helmet currently unavailable)
rElec   .            (cloak currently unavailable)
rCorr   .            e - melded +0 pair of gloves
SInv    .            (boots currently unavailable)
Will    .....        (no amulet)
Stlth   ++           (no ring)
HPRegen 0.26/turn    (no ring)
MPRegen 0.12/turn

%: no passive effects
@: lethally poisoned (-1 -> -7), tree-form, hasted, very quick
A: stationary, stasis, torment immunity, boosted hp
a: no special abilities


You were in a sewer.
You were a tree.
You visited 1 branch of the dungeon, and saw 3 of its levels.
You also visited: Sewer.

You collected 167 gold pieces.

Inventory:

Hand Weapons
 a - a +1 sling (weapon)
 c - a +0 rapier
Armour
 e - a +0 pair of gloves (melded)
 f - a +0 ring mail
 h - a +0 robe (melded)
Scrolls
 d - a scroll of fog {unknown}
 g - 2 scrolls of teleportation {unknown}
 i - 2 scrolls of enchant weapon
 j - a scroll of butterflies {unknown}
 k - a scroll of brand weapon {unknown}
 p - 2 scrolls of poison {unknown}
 q - a scroll of blinking {unknown}
Potions
 b - a potion of lignification
 l - a potion of haste
 m - 3 potions of magic
 n - a potion of might
 o - a potion of berserk rage {unknown}


   Skills:
 - Level 2.4 Fighting
 + Level 4.6 Ranged Weapons
 - Level 2.4 Dodging
 - Level 2.4 Unarmed Combat
 - Level 3.0 Spellcasting
 - Level 2.1 Transmutations


You had 8 spell levels left.
You knew the following spells:

 Your Spells              Type           Power      Damage    Failure   Level
a - Beastly Appendage     Tmut           20%        N/A       7%          1

Your spell library contained the following spells:

 Spells                   Type           Power      Damage    Failure   Level
 Wereblood                Tmut           10%        N/A       10%         2
 Spider Form              Tmut/Pois      6%         N/A       30%         3
 Ice Form                 Ice/Tmut       6%         N/A       71%         4


Dungeon Overview and Level Annotations

Branches:
Dungeon (3/15)              Sewer (1/1)

Altars:
Cheibriados


Message History

The adder closely misses you. The adder bites you.
You shoot a sling bullet. The sling bullet hits the adder.
The adder is almost dead.
The adder bites you but does no damage.
You shoot a sling bullet.
The sling bullet barely misses the adder.
The adder closely misses you. The adder bites you.
You are poisoned.
The adder poisons you!
You shoot a sling bullet. The sling bullet hits the adder.
The adder is almost dead.
You feel sick. The adder bites you.
You are more poisoned.
The adder poisons you!
You shoot a sling bullet. The sling bullet misses the adder.
You feel very sick. The adder bites you.
You are lethally poisoned!
The adder poisons you! The adder bites you.
* * * LOW HITPOINT WARNING * * *
You are too injured to fight recklessly!
You are too injured to fight recklessly!
You are too injured to fight recklessly!
Fire: a) +1 sling
Press: ? - help, Q - select action, (/) - cycle Shift-Dir - straight line, f/p - adder
Aim: an adder (almost dead, 44% to hit)
You shoot a sling bullet.
The sling bullet closely misses the adder.
* * * LOW HITPOINT WARNING * * *
You feel very sick. The adder bites you.
* * * LOW HITPOINT WARNING * * *
Really quaff the potion of lignification?
You turn into a tree.
Your +0 pair of gloves melds into your body.
Your +0 robe melds into your body.
Your roots penetrate the ground.
* * * LOW HITPOINT WARNING * * *
You feel sick.
The adder bites you but does no damage. x2
It was a potion of haste.
You feel yourself speed up.
You die...

##########################
≈~~~.~~~S♣.~†~~~.~~~~.~~~~
≈.≈≈≈≈≈≈≈≈≈≈≈≈≈≈≈≈≈≈≈≈≈≈≈≈
≈~≈~~.~..~~~~~~~~.~.~~~~~~
#~≈~######################
#~≈ #. #


You could see an adder.

Vanquished Creatures
  4 adders
  3 worms
  4 dart slugs
  An orc (D:3)
  11 ball pythons
  7 endoplasms
  2 giant cockroaches
  3 goblins
  7 hobgoblins
  A jackal (Sewer)
  2 quokkas
  9 bats
  2 frilled lizards
  10 kobolds
  4 rats (D:1)
70 creatures vanquished.

Vanquished Creatures (others)
  An orc (D:3)
1 creature vanquished.

Grand Total: 71 creatures vanquished

Notes
Turn   | Place    | Note
-------+----------+-------------------------------------------
     0 | D:1      | SnakkuSnakku7 the Deep Elf Transmuter began the quest for
                  | the Orb.
     0 | D:1      | Reached XP level 1. HP: 11/11 MP: 6/6
    90 | D:1      | Reached skill level 1 in Fighting
   111 | D:1      | Reached XP level 2. HP: 17/17 MP: 6/8
   267 | D:1      | Reached XP level 3. HP: 9/22 MP: 7/9
   470 | D:1      | Reached skill level 1 in Ranged Weapons
   788 | D:2      | Reached skill level 2 in Ranged Weapons
  1122 | D:2      | Reached skill level 3 in Ranged Weapons
  1122 | D:2      | Reached XP level 4. HP: 27/27 MP: 10/10
  1638 | D:3      | Found a snail-covered altar of Cheibriados.
  1666 | D:3      | Reached skill level 4 in Ranged Weapons
  1682 | D:3      | Found a glowing drain.
  1696 | Sewer    | Entered a sewer
  1876 | Sewer    | HP: 1/40 [poisoned by an adder]
  1877 | Sewer    | Succumbed to an adder's poison

Illustrated notes

Levels and vault maps discovered:
D:1:      kennysheep_arrival_seaside, layout_rooms
D:2:      minmay_door_path, layout_loops_ring
D:3:      layout_basic, nicolae_kikubaaqudgha_miasma_corner,
          nicolae_hepliaklqana_hazy_memory, cheibriados_altar_1,
          portal_sewer_entry_d
Sewer:    sewer_fruit_machine

Skill      XL: |  1  2  3  4 |
---------------+-------------+-----
Fighting       | 1 2 |  2.4
Ranged Weapons | 3 4 |  4.6
Dodging        | |  2.4
Unarmed Combat | |  2.4
Spellcasting   | |  3.0
Transmutations | |  2.1

Action                     |  1- 3 |  4- 6 || total
---------------------------+-------+-------++-------
  Melee: Rapier            |    58 |       ||    58
         Kick              |     5 |       ||     5
         Headbutt          |     5 |       ||     5
         Unarmed           |     1 |       ||     1
         Punch             |     1 |       ||     1
   Fire: Sling             |    69 |   103 ||   172
   Cast: Beastly Appendage |     6 |       ||     6
    Use: Scroll            |     1 |     2 ||     3
         Potion            |       |     2 ||     2
 Armour: Robe              |    21 |    22 ||    43
         Skin              |       |     2 ||     2
  Dodge: Dodged            |    57 |    50 ||   107
